 Dungeon Crawl Stone Soup version 0.29-a0-845-g6161e89988 (webtiles) character file.

Game seed: 16296013457856553601

3453 xian the Protected (level 10, 0/76 HPs)
             Began as a Barachi Artificer on July 16, 2022.
             Slain by a two-headed ogre
             ... wielding a +0 giant club
              (12 damage)
             ... on level 8 of the Dungeon.
             The game lasted 00:29:54 (10758 turns).

xian the Protected (Barachi Artificer)             Turns: 10758, Time: 00:29:54

Health: 0/76       AC: 27    Str: 17    XL:     10   Next: 6%
Magic:  10/10      EV:  6    Int: 16    God:
Gold:   197        SH:  0    Dex: 12    Spells: 9/9 levels left

rFire   . . .      SeeInvis .   J - +9 mace "Doarulof" {protect, rN+ Int+3}
rCold   . . .      Faith    +   E - orb {mayhem}
rNeg    + . .      Spirit   .   v - +0 plate armour
rPois   .          Reflect  .   w - +2 helmet
rElec   .          Harm     .   g - +0 cloak
rCorr   .          Rampage  .   (no gloves)
Will    .....                   D - +0 pair of boots
Stlth   ..........              F - amulet of faith
HPRegen 0.22/turn               (no ring)
MPRegen 0.12/turn               (no ring)

@: under a protective aura, slow
A: amphibious, slowness 1, strong legs 1, +LOS
a: Hop


You were on level 8 of the Dungeon.
You visited 2 branches of the dungeon, and saw 9 of its levels.
You also visited: Sewer.

You collected 414 gold pieces.
You spent 217 gold pieces at shops.

Inventory:

Hand Weapons
 J - the +9 mace "Doarulof" (weapon) {protect, rN+ Int+3}
   (You found it on level 7 of the Dungeon)

   It grants its wielder temporary protection when it strikes (+7 to AC).
   Int:       It affects your intelligence (+3).
   rN:        It protects you from negative energy.
Missiles
 j - 8 poisoned darts (quivered)
 l - 3 boomerangs
 s - 6 javelins
 t - 3 boomerangs of dispersal
 I - a curare-tipped dart
Armour
 b - a +0 leather armour
 g - a +0 cloak (worn)
 v - a +0 plate armour (worn)
 w - a +2 helmet (worn)
 x - a +0 tower shield
 D - a +0 pair of boots (worn)
 E - an orb of mayhem (worn)
Jewellery
 F - an amulet of faith (around neck)
Wands
 c - a wand of flame (25)
 d - a wand of charming (11)
 e - a wand of iceblast (7)
 u - a wand of digging (1)
 z - a wand of roots (6)
Scrolls
 f - a scroll of immolation
 k - a scroll of silence
 o - a scroll of amnesia
 q - 2 scrolls of blinking
 y - 2 scrolls of poison
 B - 2 scrolls of vulnerability
 H - 2 scrolls of teleportation
Potions
 a - 2 potions of might
 h - 4 potions of curing
 m - 4 potions of brilliance
 n - a potion of magic
 p - a potion of cancellation
 r - 2 potions of flight
 A - 2 potions of haste {unknown}
 C - a potion of ambrosia {unknown}
 G - 2 potions of heal wounds
 K - 2 potions of lignification


   Skills:
 + Level 5.6 Fighting
 + Level 8.6 Maces & Flails
 + Level 0.7 Throwing
 + Level 9.0 Armour
 + Level 3.3 Dodging
 + Level 2.3 Stealth
 + Level 6.1 Shields
 + Level 4.6 Evocations


You had 9 spell levels left.
You didn't know any spells.
Your spell library contained the following spells:

 Spells                   Type           Power      Damage    Failure   Level
 Foxfire                  Conj/Fire      0%         2x1d4     100%        1
 Ensorcelled Hibernation  Hex/Ice        0%         N/A       100%        2
 Conjure Flame            Conj/Fire      0%         6-21      100%        3
 Inner Flame              Hex/Fire       0%         N/A       100%        3
 Spider Form              Tmut/Pois      0%         N/A       100%        3
 Anguish                  Hex/Necr       0%         N/A       100%        4
 Flame Wave               Conj/Fire      0%         2d4       100%        4


Dungeon Overview and Level Annotations

Branches:
Dungeon (8/15)             Temple (1/1) D:5           Sewer (visited)
   Lair: D:8-11

Altars:
Ashenzari
Cheibriados
Elyvilon
Fedhas
Kikubaaqudgha
Nemelex Xobeh
Okawaru
Qazlal
Ru
Trog
Vehumet
Xom
Zin
Lugonu

Shops:
D:3 *   D:6 (   D:7 [

Annotations:
D:6 1 runed translucent door, Brotato's ghost, novice SpBr


Innate Abilities, Weirdness & Mutations

You are amphibious.
You cover ground slowly.
You can hop short distances.
You have an extended range of vision and can be seen from far away.


Message History

You closely miss the two-headed ogre.
The two-headed ogre is lightly wounded.
The two-headed ogre hits you but does no damage.
The two-headed ogre hits you with a +0 giant spiked club.
You barely miss the two-headed ogre.
The two-headed ogre is lightly wounded.
You sock the two-headed ogre!
The two-headed ogre is heavily wounded.
The two-headed ogre closely misses you.
The two-headed ogre hits you but does no damage.
You completely miss the two-headed ogre.
The two-headed ogre is heavily wounded.
The two-headed ogre hits you with a +0 giant club!!
The two-headed ogre barely misses you.
You hit the two-headed ogre.
The two-headed ogre is heavily wounded.
You sock the two-headed ogre!
The two-headed ogre is severely wounded.
The two-headed ogre hits you with a +0 giant club!
The two-headed ogre hits you but does no damage.
You hit the two-headed ogre.
The two-headed ogre is severely wounded.
The two-headed ogre hits you but does no damage. x2
You barely miss the two-headed ogre.
The two-headed ogre is severely wounded.
You thump the two-headed ogre!
The two-headed ogre is almost dead.
The two-headed ogre hits you with a +0 giant club.
The two-headed ogre barely misses you.
You barely miss the two-headed ogre.
The two-headed ogre is almost dead.
The two-headed ogre hits you with a +0 giant club!
The two-headed ogre hits you with a +0 giant spiked club!
* * * LOW HITPOINT WARNING * * *
You barely miss the two-headed ogre.
The two-headed ogre is almost dead.
You completely miss the two-headed ogre.
The two-headed ogre is almost dead.
The two-headed ogre hits you with a +0 giant club!
You die...

##.## .# #...#####
.# ..#.....# .#
....###.# .# .#.##
#.# .# .#.# #.# .#
...# #.# .# .#.##
#.#########O#
.#..###.........@.#
...#.##############
.##.## .#.## #.##
.## ##


You could see a two-headed ogre.

Vanquished Creatures
  Pikel (D:5)
  A hornet (D:7)
  Grinder (D:5)
  Sigmund (D:4)
  A steam dragon (D:7)
  A water moccasin (D:6)
  A sky beast (D:7)
  3 black bears
  2 ice beasts
  A centaur (D:8)
  2 lemures (D:5)
  A kobold brigand (D:7)
  4 bullfrogs
  A necrophage (D:7)
  2 scorpions
  8 wights (D:8)
  A jelly (D:6)
  An orc priest (D:8)
  A hound (D:7)
  A gnoll bouda (D:6)
  Ijyb (D:3)
  Terence (D:3)
  3 iguanas
  2 orc wizards
  Natasha (D:4)
  Robin (D:3)
  4 gnolls
  14 adders
  2 river rats (Sewer)
  2 white imps
  3 ufetubi (D:6)
  A worm (D:4)
  4 dart slugs
  12 orcs
  9 ball pythons
  5 endoplasms
  8 giant cockroaches
  16 goblins
  13 hobgoblins
  3 jackals (Sewer)
  12 kobolds
  4 quokkas
  5 bats
  6 frilled lizards
  7 rats
174 creatures vanquished.

Vanquished Creatures (collateral kills)
  A worm (D:3)
  An orc (D:8)
2 creatures vanquished.

Vanquished Creatures (others)
  A gnoll (D:6)
  An orc (D:8)
  8 fungi (D:4)
  17 plants
  2 withered plants (D:6)
29 creatures vanquished.

Grand Total: 205 creatures vanquished

Notes
Turn   | Place    | Note
-------+----------+-------------------------------------------
     0 | D:1      | xian the Barachi Artificer began the quest for the Orb.
     0 | D:1      | Reached XP level 1. HP: 15/15 MP: 1/1
   421 | D:1      | Reached XP level 2. HP: 21/21 MP: 2/2
  1432 | D:1      | Reached skill level 1 in Maces & Flails
  1631 | D:2      | Reached XP level 3. HP: 24/26 MP: 3/3
  1822 | D:2      | Reached skill level 1 in Stealth
  2745 | D:3      | Found a glowing drain.
  2745 | D:3      | Noticed Ijyb
  2767 | D:3      | Killed Ijyb
  2768 | D:3      | Reached XP level 4. HP: 12/33 MP: 4/4
  2777 | Sewer    | Entered a sewer
  2972 | Sewer    | Reached skill level 3 in Armour
  3402 | Sewer    | Reached XP level 5. HP: 34/38 MP: 5/5
  3818 | D:3      | Noticed Robin
  3834 | D:3      | Killed Robin
  3850 | D:3      | Paralysed by a kobold for 5 turns
  3859 | D:3      | Paralysed by a kobold for 5 turns
  4178 | D:3      | Found Paher's Assorted Antiques.
  4225 | D:3      | Bought a scroll labelled NEP TOMA ENG for 21 gold pieces
  4225 | D:3      | Bought a sharpened gold wand for 84 gold pieces
  4274 | D:3      | Noticed Terence
  4283 | D:3      | Killed Terence
  4479 | D:3      | Reached XP level 6. HP: 44/44 MP: 6/6
  4930 | D:4      | Noticed a black bear
  4942 | D:4      | Killed a black bear
  4943 | D:4      | Reached skill level 1 in Shields
  4959 | D:4      | Noticed Natasha
  4973 | D:4      | Killed Natasha
  5128 | D:4      | Found a shimmering altar of Xom.
  5318 | D:4      | Noticed Sigmund
  5337 | D:4      | HP: 2/46 [Sigmund/+0 scythe (8)]
  5343 | D:4      | Killed Sigmund
  5344 | D:4      | Reached skill level 4 in Armour
  5344 | D:4      | Reached XP level 7. HP: 16/51 MP: 7/7
  5568 | D:4      | You fall into a shaft and drop 2 floors!
  5631 | D:5      | Entered Level 5 of the Dungeon
  5763 | D:4      | Found a blossoming altar of Fedhas.
  6444 | D:5      | Found a white marble altar of Elyvilon.
  6502 | D:5      | Noticed Grinder
  6508 | D:5      | Paralysed by Grinder for 2 turns
  6524 | D:5      | Killed Grinder
  6525 | D:5      | Reached skill level 5 in Maces & Flails
  6525 | D:5      | Reached skill level 5 in Armour
  6752 | D:5      | Found a staircase to the Ecumenical Temple.
  6768 | D:5      | Reached XP level 8. HP: 48/58 MP: 8/8
  6772 | Temple   | Entered the Ecumenical Temple
  7090 | D:5      | Noticed Pikel
  7122 | D:5      | Killed Pikel
  7123 | D:5      | Reached skill level 6 in Armour
  7857 | D:5      | Reached XP level 9. HP: 45/65 MP: 9/9
  8012 | D:6      | Found Ygaphorch's Antique Weapon Shoppe.
  8097 | D:6      | Found a runed translucent door.
  8097 | D:6      | Noticed Brotato's ghost (novice SpBr)
  8157 | D:6      | Reached skill level 7 in Armour
  8180 | D:6      | Reached skill level 5 in Shields
  8657 | D:7      | Found Ylealecw's Antique Armour Shoppe.
  8662 | D:7      | Bought a pair of boots for 112 gold pieces
  8689 | D:7      | Found a bloodstained altar of Trog.
  8878 | D:7      | Noticed a hornet
  8882 | D:7      | Killed a hornet
  8927 | D:7      | Found a broken altar of Ashenzari.
  9472 | D:7      | Identified the +9 mace "Doarulof" {protect, rN+ Int+3}
  9480 | D:7      | Reached skill level 8 in Armour
  9664 | D:7      | Reached skill level 5 in Fighting
 10359 | D:8      | Reached XP level 10. HP: 64/74 MP: 10/10
 10367 | D:8      | Reached skill level 9 in Armour
 10744 | D:8      | Noticed a two-headed ogre
 10758 | D:8      | Slain by a two-headed ogre

Illustrated notes

Levels and vault maps discovered:
D:1:      dpeg_arrival_tiny_d, layout_basic, serial_bayou_pond_a
D:2:      layout_loops_corners
D:3:      layout_basic, cheibrodos_sewer_entry_drain, serial_shops, shop,
          uniq_terence, uniq_robin, uniq_ijyb
D:4:      layout_loops_corners, lemuel_tele_altar, fedhas_altar_3,
          nicolae_kite_square_tiling_tiny, chequers_hall_statues_wall_a,
          uniq_natasha, uniq_sigmund
D:5:      layout_basic, mainiacjoe_overflow_paths, minmay_temple_entry_glass,
          uniq_grinder, uniq_pikel
D:6:      layout_cave_pools, serial_shops, nicolae_stop_n_shop_2,
          gammafunk_ghost_grave
D:7:      layout_basic, amcnicky_altar_gilded, mainiacjoe_overflow_alcove_2,
          serial_shops, shop
D:8:      layout_loops_ring, minmay_strange_pillars, uniq_erica
Temple:   corrupted_temple

Skill      XL: |  1  2  3  4  5  6  7  8  9 10 |
---------------+-------------------------------+-----
Evocations     | 4 |  4.6
Maces & Flails | 1 2 3 4 5 6 8 |  8.6
Stealth        | 1 2 |  2.3
Armour         | 3 4 5 6 8 9 |  9.0
Dodging        | 2 3 |  3.3
Fighting       | 2 3 4 5 |  5.6
Shields        | 2 3 4 6 |  6.1
Throwing       | |  0.7

Action                   |  1- 3 |  4- 6 |  7- 9 | 10-12 || total
-------------------------+-------+-------+-------+-------++-------
Melee: Club              |   153 |       |       |       ||   153
       Whip              |     9 |   260 |   224 |       ||   493
       Punch             |       |     2 |       |       ||     2
       Mace              |       |       |    73 |    25 ||    98
Throw: Dart              |     1 |     2 |     2 |       ||     5
       Boomerang         |       |     4 |     1 |       ||     5
 Abil: Hop               |     1 |     1 |     2 |       ||     4
Evoke: Wand              |     5 |     7 |     7 |       ||    19
  Use: Scroll            |    10 |     3 |     9 |       ||    22
       Potion            |       |     1 |       |       ||     1
 Stab: Sleeping          |     1 |     1 |       |       ||     2
       Paralysed         |       |     4 |       |       ||     4
Armor: Leather armour    |    53 |    58 |       |       ||   111
       Chain mail        |       |    57 |    50 |       ||   107
       Plate armour      |       |       |   213 |    13 ||   226
Dodge: Dodged            |   107 |   115 |    64 |     9 ||   295
Block: Tower shield      |       |    67 |   168 |       ||   235

Table legend: (Time is in decaauts)
 A = Elapsed time spent in this place.
 B = Non-inter-level travel time spent in this place.
 C = Inter-level travel time spent in this place.
 D = Time resting spent in this place.
 E = Time spent auto-exploring this place.
 F = Levels seen in this place.
 G = Mean time per level.
                   A        B        C        D        E       F      G
               +--------+--------+--------+--------+--------+-----+--------+
         Total |  12088 |  11798 |    290 |    422 |   8007 |  10 | 1208.8 |
       Dungeon |  10895 |  10605 |    290 |    249 |   7458 |   8 | 1361.9 |
        Temple |    129 |    129 |      0 |      0 |     80 |   1 |  129.0 |
         Sewer |   1063 |   1063 |      0 |    173 |    468 |   1 | 1063.0 |
               +--------+--------+--------+--------+--------+-----+--------+

Top non-repeatable levels by time:
     D:1: 1756 daAuts
     D:5: 1621 daAuts
     D:4: 1550 daAuts
     D:7: 1432 daAuts
     D:2: 1342 daAuts
     D:3: 1315 daAuts
   Sewer: 1063 daAuts
     D:6: 940 daAuts
     D:8: 936 daAuts
  Temple: 129 daAuts
